 Dungeon Crawl Stone Soup version 0.27-a0-1149-g4505690ab0 (webtiles) character file.

Game seed: 503600937597560852

57 tygod the Sneak (level 3, -1/18 HPs)
             Began as a Spriggan Brigand on May 12, 2021.
             Was a Believer of Dithmenos.
             Killed from afar by Natasha (9 damage)
             ... with a magic dart
             ... on level 2 of the Dungeon.
             The game lasted 00:03:54 (1725 turns).

tygod the Sneak (Spriggan Brigand)                  Turns: 1725, Time: 00:03:55

Health: -1/18      AC:  3    Str:  8    XL:     3   Next: 73%
Magic:  4/4        EV: 16    Int: 12    God:    Dithmenos [**....]
Gold:   40         SH:  0    Dex: 16    Spells: 2/2 levels left

rFire    . . .     SeeInvis +   a - +2 dagger
rCold    . . .     Faith    .   (shield restricted)
rNeg     . . .     Spirit   .   b - +0 robe
rPois    .         Reflect  .   (helmet restricted)
rElec    .         Harm     .   c - +0 cloak
rCorr    .         Rampage  .   (gloves unavailable)
Will     .....                  (boots unavailable)
Stlth    ++++......             (no amulet)
HPRegen  0.06/turn              (no ring)
MPRegen  0.09/turn              (no ring)

@: wreathed by umbra, very quick
A: very small, no large weapons, unfitting armour, see invisible, speed 3
a: Renounce Religion, Shadow Step


You were on level 2 of the Dungeon.
You worshipped Dithmenos.
Dithmenos was pleased with you.
You visited 1 branch of the dungeon, and saw 2 of its levels.

You collected 40 gold pieces.

Inventory:

Hand Weapons
 a - a +2 dagger (weapon)
Missiles
 d - 8 poisoned darts (quivered)
 e - 2 curare-tipped darts
Armour
 b - a +0 robe (worn)
 c - a +0 cloak (worn)
Jewellery
 h - a ring of see invisible
Scrolls
 g - a scroll of identify {unknown}
 i - a scroll of acquirement {unknown}
Potions
 f - 2 potions of curing {unknown}


   Skills:
 + Level 1.7 Fighting
 + Level 2.8 Short Blades
 + Level 2.3 Throwing
 + Level 1.6 Dodging
 + Level 7.3 Stealth


You had 2 spell levels left.
You didn't know any spells.
Your spell library was empty.

Dungeon Overview and Level Annotations

Branches:
Dungeon (2/15)

Altars:
Dithmenos
Zin

Annotations:
D:2 Natasha, Sigmund


Innate Abilities, Weirdness & Mutations

You are very small and have problems with some larger weapons.
You are too small for most types of armour.
You have supernaturally acute eyesight. (SInv)
You cover ground extremely quickly. (Speed+++)


Message History

Sigmund the Dreaded comes into view.
He is wielding a +0 scythe and carrying a wand of flame (12).
You don't know any spells.
Sorry, I don't know how to traverse that place.
Found a stone staircase leading down.
There is a stone staircase leading down here.
Found 8 gold pieces.
Found a stone staircase leading up.
Found a tubular tourmaline ring.
You now have 30 gold pieces (gained 8).
Found a quarterstaff.
h - a ring of see invisible Save game and exit?
Level annotation: Sigmund Welcome back, tygod the Spriggan Brigand.
Dithmenos says: Spread the eternal night.
Press ? for a list of commands and other information.
You see here a +0 quarterstaff.
You now have 40 gold pieces (gained 10).
Natasha, Servant of Life and Death comes into view.
Found a scroll labelled TATISUOH ICOO.
The helpless Natasha fails to defend herself.
You impale Natasha!!
You kill Natasha!
Dithmenos accepts your kill.
You can now step into the shadows of nearby creatures.
Natasha screams in pain as she dies!
i - a scroll labelled TATISUOH ICOO
Found 22 bolts.
Found two stone staircases leading down.
A quokka comes into view.
Natasha, Servant of Life and Death comes into view.
Natasha drinks a potion.
Natasha flickers and vanishes for a moment.
Natasha casts a spell at you. The magic dart hits you!
Ouch! That really hurt!
Natasha casts a spell at you. The magic dart hits you!
Ouch! That really hurt!
You die...

.............r.# #...
......h........# #)..
.>.............# #...
.>.....(.......# #...
#...............##
#... #...........#
..# #...
######.###### #..#
#... #..# #..##...
##@# #..#... #.####
#..... #....##
###.... ####..#
##.....# ##.#
#..###.. #.#####.#
#..
########.......###...
#..................#.
##########.....#.....


You could see Natasha (invisible).

Vanquished Creatures
  Natasha (D:2)
  2 dart slugs
  2 endoplasms (D:1)
  3 giant cockroaches
  A goblin (D:2)
  4 hobgoblins
  2 jackals (D:2)
  3 ball pythons
  3 bats
  A frilled lizard (D:2)
  3 kobolds (D:1)
  3 rats (D:1)
28 creatures vanquished.

Notes
Turn   | Place    | Note
-------+----------+-------------------------------------------
     0 | D:1      | tygod the Spriggan Brigand began the quest for the Orb.
     0 | D:1      | Reached XP level 1. HP: 10/10 MP: 2/2
    69 | D:1      | Reached skill level 6 in Stealth
   364 | D:1      | Found a faded altar of an unknown god.
   374 | D:1      | Became a worshipper of Dithmenos the Shadowed
   374 | D:1      | Reached * piety under Dithmenos
   411 | D:1      | Reached XP level 2. HP: 6/14 MP: 3/3
  1522 | D:2      | Found a glowing silver altar of Zin.
  1558 | D:2      | Reached XP level 3. HP: 18/18 MP: 4/4
  1574 | D:2      | Reached skill level 7 in Stealth
  1594 | D:2      | Noticed Sigmund
  1686 | D:2      | Noticed Natasha
  1689 | D:2      | Killed Natasha
  1689 | D:2      | Reached ** piety under Dithmenos
  1719 | D:2      | Noticed Natasha
  1725 | D:2      | Killed from afar by Natasha

Illustrated notes

Levels and vault maps discovered:
D:1:      psy_arrival_statuary, layout_basic, serial_corexii_hall,
          chequers_hall_statues_corner_a, chequers_hall_statues_y,
          ebering_ecumenical_altar_mist
D:2:      layout_rooms, basic_altar, serial_shops, shop, uniq_sigmund,
          uniq_natasha

Skill      XL: |  1  2  3 |
---------------+----------+-----
Stealth        | 6 7 |  7.3
Fighting       | |  1.7
Short Blades   | |  2.8
Throwing       | |  2.3
Dodging        | |  1.6

Action                   || total
-------------------------++-------
Melee: Dagger            ||    65
Throw: Dart              ||     7
 Stab: Sleeping          ||    13
Armor: Robe              ||     7
Dodge: Dodged            ||    40

Table legend: (Time is in decaauts)
 A = Elapsed time spent in this place.
 B = Non-inter-level travel time spent in this place.
 C = Inter-level travel time spent in this place.
 D = Time resting spent in this place.
 E = Time spent auto-exploring this place.
 F = Levels seen in this place.
 G = Mean time per level.
                   A        B        C        D        E       F      G
               +--------+--------+--------+--------+--------+-----+--------+
         Total |   1337 |   1312 |     25 |    631 |    433 |   2 |  668.5 |
       Dungeon |   1337 |   1312 |     25 |    631 |    433 |   2 |  668.5 |
               +--------+--------+--------+--------+--------+-----+--------+

Top non-repeatable levels by time:
     D:1: 1181 daAuts
     D:2: 155 daAuts
